 Dungeon Crawl Stone Soup version 0.29.1-2-gbd0b4ee654 (webtiles) character file.

Game seed: 9329570142924870012

1327 GorkyZ the Trooper (level 8, 0/93 HPs)
             Began as a Demonspawn Fighter on Nov 19, 2022.
             Slain by an orc warrior
             ... wielding a +0 trident of venom
              (4 damage)
             ... on level 6 of the Dungeon.
             The game lasted 00:16:40 (6114 turns).

GorkyZ the Trooper (Demonspawn Fighter)             Turns: 6114, Time: 00:16:41

Health: 0/93       AC: 22    Str: 18    XL:     8   Next: 34%
Magic:  8/8        EV:  5    Int:  8    God:
Gold:   377        SH:  6    Dex: 19    Spells: 7/7 levels left

rFire   . . .      SeeInvis .   r - +1 flail (protect)
rCold   + . .      Faith    .   c - +0 buckler
rNeg    . . .      Spirit   .   m - +0 plate armour
rPois   .          Reflect  .   (no helmet)
rElec   .          Harm     .   (no cloak)
rCorr   .          Rampage  .   f - +0 pair of gloves of Ryjyufim {rC+ Dex+2}
Will    .....                   (no boots)
Stlth   ..........              (no amulet)
HPRegen 0.25/turn               (no ring)
MPRegen 0.11/turn               (no ring)

@: berserking (expiring), lethally poisoned (0 -> -30), under a protective aura,
very quick
A: icy blue scales 1, foul stench 1, spiny 1, claws 1, agile 1
a: no special abilities


You were on level 6 of the Dungeon.
You visited 1 branch of the dungeon, and saw 6 of its levels.
You also visited: Sewer.

You collected 377 gold pieces.

Inventory:

Hand Weapons
 a - a +0 flail
 r - a +1 flail of protection (weapon)
 v - a +0 hand axe
Missiles
 g - 19 poisoned darts (quivered)
 s - 5 curare-tipped darts
Armour
 b - a +0 scale mail
 c - a +0 buckler (worn)
 f - the +0 pair of gloves of Ryjyufim (worn) {rC+ Dex+2}
   (You acquired it on level 4 of the Dungeon)

   Dex:       It affects your dexterity (+2).
   rC:        It protects you from cold.
 m - a +0 plate armour (worn)
Jewellery
 e - an amulet of faith
 x - a ring of wizardry
Wands
 p - a wand of roots (6)
Scrolls
 j - 2 scrolls of immolation
 k - 3 scrolls of fog
 n - a scroll of magic mapping
 o - 2 scrolls of noise
 t - 6 scrolls of identify
 y - a scroll of teleportation {unknown}
 A - 2 scrolls of enchant armour {unknown}
Potions
 d - 2 potions of might
 h - 3 potions of attraction
 i - a potion of berserk rage
 l - 2 potions of heal wounds
 q - 5 potions of curing
 u - 2 potions of haste
 w - a potion of lignification {unknown}
 z - a potion of brilliance {unknown}
 B - a potion of resistance {unknown}
 C - 2 potions of magic {unknown}
 D - 2 potions of invisibility {unknown}


   Skills:
 + Level 5.2 Fighting
 + Level 4.1 Maces & Flails
 + Level 3.4 Throwing
 + Level 4.5 Armour
 + Level 4.6 Shields
 + Level 3.7 Evocations


You had 7 spell levels left.
You didn't know any spells.
Your spell library was empty.

Dungeon Overview and Level Annotations

Branches:
Dungeon (6/15)              Sewer (visited)
 Temple: D:4-7

Altars:
Xom

Shops:
D:4 *


Innate Abilities, Weirdness & Mutations

You are partially covered in icy blue scales. (AC +2)
You may rarely emit foul miasma when damaged in melee.
You are partially covered in sharp spines.
You have sharp fingernails.
You are agile. (Dex +4, Str/Int -1)


Message History

You are more poisoned.
You emit a cloud of foul miasma!
The orc warrior hits you but does no damage.
You barely miss the orc.
The orc is severely wounded.
You feel very sick.
The orc is engulfed in dark miasma.
The orc is poisoned.
The orc seems to slow down.
You kill the orc!
The orc warrior hits you but does no damage.
You are more poisoned.
You feel very sick.
* * * LOW HITPOINT WARNING * * *
You feel very sick.
A red film seems to cover your vision as you go berserk!
You feel yourself moving faster!
You feel mighty!
You feel very sick.
You feel a strong urge to attack something.
Your attacks no longer feel as feeble.
You feel sick.
The orc warrior hits you from afar with a +0 trident of venom.
* * * LOW HITPOINT WARNING * * *
You are lethally poisoned!
An orc comes into view. It is wielding a +0 dagger.
* * * LOW HITPOINT WARNING * * *
You feel very sick.
The orc shouts!
The orc warrior hits you with a +0 trident of venom.
* * * LOW HITPOINT WARNING * * *
You are more poisoned.
The orc warrior suddenly roars.
You block the orc warrior's attack.
Items here: ))))) [ †.
You hit the orc warrior.
Your weapon exudes an aura of protection.
The orc warrior is moderately wounded.
* * * LOW HITPOINT WARNING * * *
You feel very sick.
The orc warrior hits you with a +0 trident of venom.
You die...

###########
#.........#
#####.#######.#####
<......)..# #...@o#
#####.###.# #.###o#
#.# #.# ### #o# #.#
#.#


ggo #.# #.# 8.oo8 #.# #.# #.ooo.# #.# #.# ...o... #.# #.# #.8...8.#
#.###.####......g# You could see 2 orc warriors, an orc wizard, a gnoll (swift)
and 6 orcs.

Vanquished Creatures
  An ice beast (D:5)
  2 ogres (D:5)
  A centaur (D:5)
  A phantom (D:5)
  A kobold brigand (Sewer)
  3 scorpions
  A necrophage (D:4)
  5 hounds
  2 jellies
  2 orc priests
  An iguana (D:5)
  3 orc wizards (D:5)
  2 gnolls (D:6)
  8 adders
  A river rat (Sewer)
  2 ufetubi
  6 worms
  3 dart slugs
  13 orcs
  9 ball pythons
  A bat (D:3)
  4 endoplasms
  2 giant cockroaches
  5 goblins
  8 hobgoblins
  4 jackals
  5 quokkas
  2 frilled lizards
  A goblin zombie (D:5)
  7 kobolds
  A quokka zombie (D:5)
  7 rats
114 creatures vanquished.

Notes
Turn   | Place    | Note
-------+----------+-------------------------------------------
     0 | D:1      | GorkyZ the Demonspawn Fighter began the quest for the Orb.
     0 | D:1      | Reached XP level 1. HP: 18/18 MP: 1/1
   524 | D:1      | Gained mutation: You are partially covered in sharp spines.
                  | [demonic ancestry]
   524 | D:1      | Reached XP level 2. HP: 21/24 MP: 2/2
   715 | D:1      | Found a faded altar of an unknown god.
  1090 | D:1      | Gained mutation: You passively map a small area around you.
                  | [potion of mutation]
  1090 | D:1      | Gained mutation: Your mind is acute. (Int +4, Str/Dex -1)
                  | [potion of mutation]
  1091 | D:1      | Lost mutation: You passively map a small area around you.
                  | [potion of mutation]
  1091 | D:1      | Lost mutation: Your mind is acute. (Int +4, Str/Dex -1)
                  | [potion of mutation]
  1091 | D:1      | Gained mutation: You are agile. (Dex +4, Str/Int -1)
                  | [potion of mutation]
  1091 | D:1      | Gained mutation: You have sharp fingernails. [potion of
                  | mutation]
  1334 | D:2      | Reached skill level 1 in Evocations
  1334 | D:2      | Reached XP level 3. HP: 21/29 MP: 3/3
  2132 | D:3      | Reached skill level 1 in Throwing
  2132 | D:3      | Reached XP level 4. HP: 32/35 MP: 4/4
  2527 | D:4      | Found Lubiw's Gadget Gallery.
  2590 | D:4      | Identified a scroll of acquirement
  2590 | D:4      | Acquired the +0 pair of gloves of Ryjyufim {rC+ Dex+2}
  2809 | D:4      | Noticed a scorpion
  2818 | D:4      | Killed a scorpion
  2819 | D:4      | Gained mutation: You are partially covered in icy blue
                  | scales. (AC +2) [demonic ancestry]
  2819 | D:4      | Reached XP level 5. HP: 23/42 MP: 5/5
  3026 | D:4      | Found a shimmering altar of Xom.
  3237 | D:4      | Reached XP level 6. HP: 32/48 MP: 6/6
  3268 | D:4      | Reached skill level 4 in Fighting
  3765 | D:5      | Entered Level 5 of the Dungeon
  4060 | D:5      | Gained mutation: You may rarely emit foul miasma when
                  | damaged in melee. [demonic ancestry]
  4060 | D:5      | Reached XP level 7. HP: 24/55 MP: 7/7
  4918 | D:5      | Reached XP level 8. HP: 59/61 MP: 8/8
  5338 | D:5      | Reached skill level 5 in Fighting
  5470 | D:6      | Found a glowing drain.
  5505 | Sewer    | Entered a sewer
  6078 | D:6      | Found a runed translucent door.
  6114 | D:6      | HP: 4/93 [poisoned by an orc warrior]
  6114 | D:6      | Slain by an orc warrior

Illustrated notes

Levels and vault maps discovered:
D:1:      shiori_arrival_elements, layout_loops_corners,
          dreamdust_ecumenical_altar_angels_and_demons
D:2:      layout_basic
D:3:      layout_rooms
D:4:      layout_gridville, amcnicky_altar_gilded, nicolae_shop_gadgets
D:5:      minmay_inner_zag, layout_basic, enter_ossuary_4
D:6:      cheibrodos_barr_body, layout_loops_ring,
          minmay_temple_entry_statues_pillars, portal_sewer_entry_f,
          lightli_church_of_beogh

Skill      XL: |  1  2  3  4  5  6  7  8 |
---------------+-------------------------+-----
Maces & Flails | 2 3 4 |  4.1
Evocations     | 1 2 3 |  3.7
Armour         | 3 4 |  4.5
Shields        | 3 4 |  4.6
Throwing       | 1 2 3 |  3.4
Fighting       | 4 5 |  5.2

Action                   |  1- 3 |  4- 6 |  7- 9 || total
-------------------------+-------+-------+-------++-------
Melee: Flail             |    63 |   119 |   126 ||   308
  Use: Scroll            |     4 |     9 |     1 ||    14
       Potion            |     2 |       |     1 ||     3
Armor: Scale mail        |     6 |       |       ||     6
       Plate armour      |    24 |   107 |    88 ||   219
Dodge: Dodged            |    14 |    25 |    31 ||    70
Block: Buckler           |    16 |    31 |    40 ||    87
